cohdb
Replays
Latest Replays
All Replays
Popular Replays
Top Player Replays
Match Explorer
How It Works
Community
CoH3 Stats
Reddit
Sign in to upload your games and track your stats! →
Sign in with Steam
Match 33690234
Unlisted
Match 33690234
Overview
Messages
Build Orders
End
Selects Italian Coastal Battlegroup
Selects Coastal Reserves
Coastal Reserve
Construct Infanterie Kompanie
MG 42 Machine Gun Team
Coastal Reserve
GrW 34 Mortar Team
Medical Station
Sniper
Selects Artillery Officer
Artillery Officer
Construct Panzergrenadier Kompanie
Pak 40 Anti-tank Gun Team
Coastal Reserve
Selects Designate Defensive Line
Selects Designate Defensive Line
Pioneer Squad
Panzergrenadier Squad
Support Elements
Selects Rapid Fortifications
AI Takeover
Spy
KR_Dante
고베
Jopjahh
GreenTech
spahirereal
0
0
Comments
sign in to comment!
No comments posted yet!